 Dungeon Crawl Stone Soup version 0.18.1-50-g88ac8fd (webtiles) character file.

4057 mopl the Carver (level 10, -7/46 HPs)
             Began as a Vine Stalker Warper on Apr 19, 2019.
             Was a Believer of Pakellas.
             Shot with a bolt by an orc warrior (22 damage)
             ... in a bailey.
             The game lasted 00:22:31 (6861 turns).

mopl the Carver (Vine Stalker Warper)               Turns: 6861, Time: 00:22:32

Health: -7/46      AC:  4    Str: 14    XL:     10   Next: 25%
Magic:  0/14       EV: 12    Int: 15    God:    Pakellas [**....]
Gold:   331        SH:  0    Dex: 17    Spells: 2 memorised, 10 levels left

rFire  . . .     SeeInvis .     b - +0 blowgun
rCold  . . .     Gourm    .     A - +0 leather armour
rNeg   . . .     Faith    .     (no shield)
rPois  .         Spirit   +     D - +0 helmet
rElec  .         Dismiss  .     (no cloak)
rCorr  .         Reflect  .     (no gloves)
SustAt .         Harm     .     (no boots)
MR     +....                    (no amulet)
Stlth  +++++.....               C - +2 ring of intelligence
                                v - ring of stealth

@: somewhat resistant to hostile enchantments, quite stealthy
A: fangs 3, regeneration 2, magic shield, antimagic bite, no device heal 3, rot
immunity
a: Quick Charge, Renounce Religion


You were in a bailey.
You worshipped Pakellas.
Pakellas was pleased with you.
You were not hungry.

You visited 2 branches of the dungeon, and saw 8 of its levels.
You also visited: Bailey.

You collected 331 gold pieces.

Inventory:

Hand Weapons
 a - a +0 dagger of venom
 b - a +0 blowgun (weapon)
 y - a +0 short sword of electrocution
 E - a +0 falchion
 Q - the +6 halberd of Watchfulness {chop, *Corrode rN+ SInv}
   (You found it on level 7 of the Dungeon)

   It inflicts extra damage upon your enemies.
   It protects you from negative energy.
   It lets you see invisible.
   It may corrode you when you take damage.
 R - a +0 arbalest
Missiles
 e - 5 tomahawks of dispersal
 k - 4 javelins
 n - a throwing net
 s - 6 curare-tipped needles (quivered)
 z - 44 poisoned needles
 S - 91 bolts
Armour
 l - a +0 buckler
 A - a +0 leather armour (worn)
 D - a +0 helmet (worn)
Jewellery
 v - a ring of stealth (left hand)
 C - a +2 ring of intelligence (right hand)
 N - an uncursed ring of fire
Wands
 P - a wand of flame (23/48)
Scrolls
 d - 3 scrolls of blinking
 g - 4 scrolls of remove curse
 o - 2 scrolls of fog {unknown}
 p - a scroll of amnesia {unknown}
 w - 2 scrolls of immolation {unknown}
 F - a scroll of fear {unknown}
 H - 2 scrolls of noise {unknown}
 L - a scroll of enchant weapon {unknown}
Potions
 j - a potion of cure mutation {!q}
 m - 2 potions of agility {unknown}
 q - a potion of brilliance
 t - a potion of mutation {unknown}
 u - 2 potions of lignification {unknown}
 B - a potion of curing
 G - a potion of might
 J - 2 potions of heal wounds
 K - a potion of magic
 M - a potion of flight
Books
 c - a book of Spatial Translocations

   Spells                             Type                      Level
   a - Apportation                    Translocation                1
   b - Blink                          Translocation                2
   c - Shroud of Golubria             Charms/Translocation         2
   d - Portal Projectile              Translocation                3
   e - Teleport Other                 Translocation                3
   f - Passage of Golubria            Translocation                4
Comestibles
 f - 5 bread rations
 h - 6 beef jerkies
 i - a royal jelly
 r - a meat ration
 x - 6 fruits
 I - 2 chunks of flesh


   Skills:
 - Level 1.7 Fighting
 * Level 10.4 Long Blades
 + Level 4.2 Throwing
 - Level 0.7 Armour
 - Level 1.5 Dodging
 + Level 9.1 Stealth
 - Level 2.1 Spellcasting
 - Level 3.0 Translocations
 + Level 2.9 Evocations


You had 10 spell levels left.
You knew the following spells:

 Your Spells              Type           Power        Failure   Level  Hunger
a - Apportation           Tloc           ##........   10%         1    #......
e - Blink                 Tloc           N/A          14%         2    ###....


Dungeon Overview and Level Annotations

Branches:
Dungeon (7/15)             Temple (1/1) D:4

Altars:
Cheibriados
Dithmenos
Elyvilon
Fedhas
Gozag
Kikubaaqudgha
Makhleb
Nemelex Xobeh
Okawaru
Pakellas
Qazlal
Ru
Sif Muna
Trog
Vehumet
Xom
Yredelemnul
Zin
The Shining One

Annotations:
D:4 magog001's ghost, novice GrFi
D:7 Prince Ribbit


Innate Abilities, Weirdness & Mutations

You have razor-sharp teeth.
You heal very quickly.
When hurt, damage is shared between your health and your magic reserves.
Your bite disrupts and absorbs the magic of your enemies.
Potions and wands cannot restore your health.
You are immune to rotting.


Message History

* * * LOW HITPOINT WARNING * * *
You see here a bolt.
Drink which item? (? for menu, Esc to quit)
Okay, then.
Unknown command.
Unknown command.
Evoke which item? (* to show all) (? for menu, Esc to quit)
Okay, then.
Unknown command.
Firing (i - inventory. (,) - cycle):
s - 7 curare-tipped needles (quivered)
Press: ? - help, Shift-Dir - straight line, f/p - orc warrior
Aim: an orc warrior, wielding an arbalest and wearing a ring mail (heavily wounded)
You shoot a curare-tipped needle.
The curare-tipped needle hits the orc warrior.
The orc warrior is poisoned.
The orc warrior convulses.
The orc warrior seems to slow down.
The orc warrior is almost dead.
The orc warrior shoots a bolt.
The bolt hits you!!
You die...
Pakellas says: Time to start the next experiment...

o≈......#
#≈......#
≈≈......# #
≈.......# ##
........# .##
.........# ..#
.........# #.#
........@# '.#
.........# #.#
..........# '.#
..........# #.#
..........# ..#
..........# .##
..........#
##............o..#
#....≈≈≈≈≈.......#


You could see an orc warrior and an orc (sleeping).

Vanquished Creatures
  Pikel (D:5)
  Joseph (D:7)
  Grinder (D:6)
  Eustachio (D:6)
  Edmund (D:4)
  Duvessa (D:5)
  A water moccasin (D:7)
  5 orc warriors (Bailey)
  A sky beast (D:7)
  2 slaves (D:5)
  3 ogres
  2 centaurs
  Blork the orc (D:5)
  2 giant frogs (D:6)
  Dowan (D:5)
  2 scorpions (D:7)
  3 wights (D:7)
  3 howler monkeys (D:7)
  3 crimson imps
  An orc priest (D:7)
  3 hounds
  4 orc wizards
  A giant frog skeleton (D:6)
  6 iguanas
  Ijyb (D:2)
  7 worker ants
  A hound zombie (D:6)
  A worker ant zombie (D:7)
  6 gnolls
  13 adders
  2 oozes
  2 worms
  4 dart slugs
  4 giant geckos
  30 orcs
  10 giant cockroaches
  12 goblins
  8 hobgoblins
  13 jackals
  4 quokkas
  2 ball pythons
  8 bats
  9 giant newts
  2 jackal skeletons
  11 kobolds
  A quokka skeleton (D:5)
  6 rats
207 creatures vanquished.

Notes
Turn   | Place    | Note
--------------------------------------------------------------
     0 | D:1      | mopl the Vine Stalker Warper began the quest for the Orb.
     0 | D:1      | Reached XP level 1. HP: 11/11 MP: 4/4
   104 | D:1      | Reached skill level 2 in Long Blades
   137 | D:1      | Reached XP level 2. HP: 9/15 MP: 3/6
   157 | D:1      | Learned a level 2 spell: Blink
   250 | D:1      | Reached skill level 3 in Long Blades
   250 | D:1      | Reached XP level 3. HP: 12/18 MP: 5/7
   825 | D:2      | Noticed Ijyb
   870 | D:1      | Reached XP level 4. HP: 15/23 MP: 4/8
   923 | D:2      | Killed Ijyb
   923 | D:2      | Reached skill level 4 in Long Blades
  1250 | D:2      | Reached XP level 5. HP: 10/26 MP: 5/9
  2011 | D:3      | Reached skill level 5 in Long Blades
  2030 | D:3      | HP: 1/26 [poisoned by an adder]
  2037 | D:2      | HP: 1/26 [poisoned by an adder]
  2169 | D:3      | Found an iron altar of Okawaru.
  2175 | D:3      | Found a basalt altar of Yredelemnul.
  2185 | D:3      | Reached skill level 1 in Stealth
  2295 | D:3      | Found a sacrificial altar of Ru.
  2406 | D:3      | Gained mutation: You heal very quickly. [Vine Stalker growth]
  2406 | D:3      | Reached XP level 6. HP: 28/30 MP: 10/10
  2829 | D:4      | Reached skill level 2 in Stealth
  2911 | D:4      | Found a shadowy altar of Dithmenos.
  3002 | D:4      | Noticed Edmund
  3027 | D:4      | Killed Edmund
  3027 | D:4      | Reached skill level 6 in Long Blades
  3027 | D:4      | Reached skill level 3 in Stealth
  3027 | D:4      | Reached XP level 7. HP: 29/34 MP: 8/11
  3117 | D:4      | Found a staircase to the Ecumenical Temple.
  3117 | D:4      | Noticed magog001's ghost (novice GrFi)
  3218 | Temple   | Entered the Ecumenical Temple
  3779 | D:4      | Reached skill level 4 in Stealth
  3844 | D:4      | Found a burning altar of Makhleb.
  3948 | D:5      | Entered Level 5 of the Dungeon
  4138 | D:5      | Noticed Pikel
  4188 | D:5      | Killed Pikel
  4188 | D:5      | Reached skill level 8 in Long Blades
  4188 | D:5      | Reached skill level 5 in Stealth
  4188 | D:5      | Gained mutation: You have razor-sharp teeth. [Vine Stalker growth]
  4188 | D:5      | Reached XP level 8. HP: 31/38 MP: 12/12
  4357 | D:5      | Reached skill level 6 in Stealth
  4378 | D:5      | Noticed Dowan
  4381 | D:5      | Noticed Duvessa
  4400 | D:5      | Killed Duvessa
  4444 | D:5      | Killed Dowan
  4562 | D:5      | Noticed Blork the orc
  4576 | D:5      | Killed Blork the orc
  4698 | D:6      | Reached skill level 1 in Throwing
  4736 | D:6      | Found a white marble altar of Elyvilon.
  4775 | D:6      | Found an opulent altar of Gozag.
  4826 | D:6      | Reached skill level 7 in Stealth
  4832 | D:6      | Reached XP level 9. HP: 36/42 MP: 11/13
  4880 | D:6      | Found a glowing silver altar of Zin.
  4929 | D:6      | Reached skill level 9 in Long Blades
  4929 | D:6      | Reached skill level 2 in Throwing
  5066 | D:6      | Noticed Grinder
  5095 | D:6      | Killed Grinder
  5186 | D:6      | Found an oddly glowing altar of Pakellas.
  5189 | D:6      | Became a worshipper of Pakellas the Inventive
  5280 | D:6      | Noticed Eustachio
  5283 | D:6      | Killed Eustachio
  5283 | D:6      | Reached skill level 8 in Stealth
  5543 | D:7      | Noticed Joseph
  5554 | D:7      | Killed Joseph
  5554 | D:7      | Reached skill level 3 in Throwing
  5554 | D:7      | Reached skill level 1 in Evocations
  5665 | D:7      | Reached skill level 2 in Evocations
  5672 | D:7      | Reached skill level 10 in Long Blades
  5674 | D:7      | Reached * piety under Pakellas
  5674 | D:7      | Received a gift from Pakellas
  5743 | D:7      | Reached XP level 10. HP: 46/46 MP: 14/14
  5761 | D:7      | Noticed Prince Ribbit
  5901 | D:7      | Reached skill level 4 in Throwing
  5969 | D:7      | Found a flagged portal.
  5983 | D:7      | Reached skill level 9 in Stealth
  5986 | D:7      | Got a brightly glowing halberd
  5989 | Bailey   | Entered a bailey
  5990 | Bailey   | Identified the +6 halberd of Watchfulness {chop, *Corrode rN+ SInv} (You found it on level 7 of the Dungeon)
  6261 | Bailey   | HP: 1/46 [orc warrior/bolt (24)]
  6702 | Bailey   | Reached ** piety under Pakellas
  6702 | Bailey   | Received a gift from Pakellas
  6861 | Bailey   | Shot with a bolt by an orc warrior

Skill      XL: |  1  2  3  4  5  6  7  8  9 10 |
---------------+-------------------------------+-----
Long Blades    | 2 3 4 5 6 8 10 | 10.4
Stealth        | 1 3 5 7 8 9 |  9.1
Throwing       | 1 3 4 |  4.2
Evocations     | 2 |  2.9
Fighting       | |  1.7
Armour         | |  0.7
Dodging        | |  1.5
Spellcasting   | |  2.1
Translocations | |  3.0

Action                   |  1- 3 |  4- 6 |  7- 9 | 10-12 || total
-------------------------+-------+-------+-------+-------++-------
Melee: Falchion          |    93 |   141 |       |       ||   234
       Bite              |    18 |    68 |   124 |    30 ||   240
       Dagger            |       |    91 |   321 |    75 ||   487
       Short sword       |       |       |    46 |       ||    46
       Unarmed           |       |       |       |    23 ||    23
       Halberd           |       |       |       |     4 ||     4
 Fire: Blowgun           |       |    10 |       |    16 ||    26
       Arbalest          |       |       |       |     2 ||     2
 Cast: Apportation       |       |       |       |     1 ||     1
Evoke: Wand              |       |       |       |    13 ||    13
       Phantom mirror    |       |       |       |     1 ||     1
  Use: Scroll            |       |       |     8 |       ||     8
 Stab: Sleeping          |       |     9 |    16 |    10 ||    35
       Distracted        |       |     1 |       |       ||     1
  Eat: Chunk             |       |     7 |     9 |     2 ||    18
       Pizza             |       |       |       |     1 ||     1
Armor: Leather armour    |    29 |    58 |    50 |    29 ||   166
Dodge: Dodged            |    73 |   131 |   142 |    64 ||   410
